 Dungeon Crawl Stone Soup version 0.31.0-11-ge490571c62 (webtiles) character file.

Game seed: 2388272387200868576

6985 Peloso the Carver (level 10, -1/90 HPs)
             Began as a Minotaur Fighter on Feb 10, 2024.
             Was a High Priest of Okawaru.
             Slain by a troll (9 damage)
             ... on level 11 of the Dungeon.
             The game lasted 00:20:00 (11374 turns).

Peloso the Carver (Minotaur Fighter)               Turns: 11374, Time: 00:20:00

Health: -1/90      AC: 18    Str: 21    XL:     10   Next: 81%
Magic:  9/9        EV:  8    Int:  5    God:    Okawaru [*****.]
Gold:   923        SH:  6    Dex: 14    Spells: 9/9 levels left

rFire   . . .        a - +1 long sword (spect)
rCold   + . .        d - +0 buckler
rNeg    + . .        E - +0 plate armour
rPois   .            (helmet restricted)
rElec   .            (no cloak)
rCorr   .            C - +0 pair of gloves
SInv    .            D - +0 pair of boots
Will    .....        (no amulet) Stlth
                     n - ring of protection from cold
HPRegen 0.35/turn    p - ring of positive energy
MPRegen 0.11/turn

%: no passive effects
@: no status effects
A: horns 2, retaliatory headbutt
a: Renounce Religion, Heroism, Finesse, Duel


You were on level 11 of the Dungeon.
You worshipped Okawaru.
Okawaru was extremely pleased with you.
You visited 2 branches of the dungeon, and saw 12 of its levels.
You also visited: Sewer and Ossuary.

You collected 998 gold pieces.
You spent 75 gold pieces at shops.

Inventory:

Hand Weapons
 a - a +1 spectral long sword (weapon)
Armour
 b - a +0 scale mail
 c - a +1 chain mail of poison resistance
 d - a +0 buckler (worn)
 C - a +0 pair of gloves (worn)
 D - a +0 pair of boots (worn)
 E - a +0 plate armour (worn)
Jewellery
 n - a ring of protection from cold (left hand)
 p - a ring of positive energy (right hand)
 L - a ring of resist corrosion
Wands
 m - a wand of digging (1)
 v - a wand of charming (14)
Scrolls
 g - a scroll of silence
 i - 2 scrolls of amnesia
 t - a scroll of acquirement
 x - a scroll of immolation
 y - a scroll of fog
 A - 2 scrolls of revelation
 B - 3 scrolls of teleportation
 F - a scroll of brand weapon
 G - a scroll of enchant armour
 H - a scroll of poison
 N - a scroll of fear
Potions
 e - 2 potions of brilliance
 f - 4 potions of haste
 h - a potion of invisibility
 j - 2 potions of heal wounds
 k - a potion of magic
 l - 4 potions of curing {unknown}
 o - 4 potions of attraction
 r - 4 potions of mutation
 s - a potion of experience {unknown}
 u - 2 potions of resistance {unknown}
 w - a potion of might
 z - a potion of degeneration {unknown}
 I - a potion of enlightenment
 J - 3 potions of lignification {unknown}
 K - a potion of berserk rage {unknown}


   Skills:
 + Level 8.6 Fighting
 + Level 12.3 Long Blades
 + Level 11.7 Armour
 + Level 3.7 Dodging
 + Level 0.4 Stealth
 + Level 7.6 Shields
 + Level 0.5 Invocations


You had 9 spell levels left.
You didn't know any spells.
Your spell library contained the following spells:

 Spells                   Type           Power      Damage    Failure   Level
 Blink                    Tloc           0%         N/A       100%        2
 Lesser Beckoning         Tloc           0%         N/A       100%        2
 Mercury Vapours          Alch/Air       0%         N/A       100%        2
 Momentum Strike          Conj/Tloc      0%         3d8       100%        2
 Inner Flame              Hex/Fire       0%         N/A       100%        3
 Mephitic Cloud           Conj/Alch/Air  0%         N/A       100%        3
 Volatile Blastmotes      Fire/Tloc      0%         2d10      100%        3
 Fulminant Prism          Conj/Alch      0%         3d5       100%        4
 Iskenderun's Mystic Bla  Conj/Tloc      0%         2d3       100%        4
 Freezing Cloud           Conj/Ice/Air   0%         6-21      100%        5
 Irradiate                Conj/Alch      0%         3d11      100%        5
 Ignition                 Fire           0%         3d3       100%        8


Dungeon Overview and Level Annotations

Branches:
Dungeon (11/15)            Temple (1/1) D:4            Lair (0/5) D:11
  Sewer (visited)         Ossuary (visited)
    Orc: D:9-12

Altars:
Ashenzari
Cheibriados
Dithmenos
Elyvilon
Fedhas
Gozag
Hepliaklqana
Kikubaaqudgha
Makhleb
Nemelex Xobeh
Okawaru
Qazlal
Ru
Sif Muna
Trog
Uskayaw
Vehumet
Wu Jian
Xom
Yredelemnul
Zin
The Shining One

Shops:
D:4 *   D:8 [

Annotations:
D:7 3 runed translucent doors, jazmu's ghost, novice DsBe


Innate Abilities, Weirdness & Mutations

You have a pair of horns on your head.
You reflexively headbutt those who attack you in melee.


Message History

The troll claws you but does no damage.
Unknown command.
You hit the troll.
The troll is lightly wounded.
Your +1 spectral long sword hits the troll.
The troll bites you. The troll closely misses you.
The troll claws you but does no damage.
Unknown command.
You slash the troll! Your headbutt misses the troll.
The troll is moderately wounded.
Your +1 spectral long sword hits the troll but does no damage.
You slash the troll!
The troll is severely wounded.
Your +1 spectral long sword hits the troll.
The troll bites you!
* * * LOW HITPOINT WARNING * * *
The troll claws you!
* * * LOW HITPOINT WARNING * * *
The troll barely misses you.
Unknown command.
You barely miss the troll.
The troll is severely wounded.
Your +1 spectral long sword hits the troll!
The troll barely misses your +1 spectral long sword.
The troll claws your +1 spectral long sword!
Your spectral weapon shares its damage with you!
* * * LOW HITPOINT WARNING * * *
The troll closely misses your +1 spectral long sword.
You catch the helpless troll completely off-guard!
You hit the troll. Your headbutt misses the troll.
The troll is almost dead.
Your +1 spectral long sword barely misses the troll.
The troll barely misses you. The troll claws you but does no damage.
The troll claws you.
* * * LOW HITPOINT WARNING * * *
You barely miss the troll.
The troll is almost dead.
Your +1 spectral long sword barely misses the troll.
You block the troll's attack. The troll claws you!
You die...

##.....≈h... .....~≈S...
....S~~.~. ....~≈~~.
###+####+## ####...~≈≈~.
..........###.....≈≈≈~~.
..........#.......~≈≈≈~.
..........#hh.....~~~.~.
.........@#........~~.~.
.........(Th........~...
.....[....######........
######+###.................
.........#..............+..
.........#......... ....
.........'.........
.........#.........
#...####.#.........


You could see a troll, a hound and a friendly +1 spectral long sword.

Vanquished Creatures
  A two-headed ogre (D:10)
  3 hornets
  A shadow (D:9)
  3 yaks (D:8)
  Eustachio (D:4)
  A wraith (D:9)
  3 vampire mosquitoes (D:10)
  3 acid dragons (D:10)
  Edmund (D:5)
  A water moccasin (D:8)
  6 orc warriors
  An ice beast (D:7)
  A black bear (D:7)
  3 ogres
  3 wolves (D:11)
  6 centaurs
  A phantom (D:6)
  4 kobold brigands
  2 bullfrogs
  6 scorpions
  3 wights (D:10)
  2 bombardier beetles (D:5)
  3 hounds
  9 orc priests
  7 jellies
  A gnoll bouda (D:8)
  2 sleepcaps
  4 iguanas
  6 orc wizards
  8 mummies (Ossuary)
  5 gnolls (D:8)
  3 adders
  A river rat (Sewer)
  2 shadow imps
  2 white imps
  A ribbon worm (D:2)
  2 dart slugs
  29 orcs
  11 endoplasms
  5 giant cockroaches
  3 gnoll zombies (Ossuary)
  6 goblins
  4 hobgoblins
  13 jackals
  6 quokkas
  5 ball pythons
  6 bats
  7 frilled lizards
  19 kobolds
  3 kobold zombies (Ossuary)
  2 orc zombies (Ossuary)
  12 rats
243 creatures vanquished.

Vanquished Creatures (others)
  An orc wizard (D:4)
1 creature vanquished.

Grand Total: 244 creatures vanquished

Notes
Turn   | Place    | Note
-------+----------+-------------------------------------------
     0 | D:1      | Peloso the Minotaur Fighter began the quest for the Orb.
     0 | D:1      | Reached XP level 1. HP: 19/19 MP: 0/0
   171 | D:1      | Reached XP level 2. HP: 27/27 MP: 1/1
   523 | D:1      | Reached skill level 3 in Long Blades
   533 | D:1      | Reached XP level 3. HP: 27/33 MP: 2/2
  1596 | D:2      | Reached XP level 4. HP: 21/40 MP: 3/3
  2196 | D:3      | Found a sacrificial altar of Ru.
  2270 | D:3      | Found a sparkling altar of Nemelex Xobeh.
  2300 | D:3      | Found a glowing silver altar of Zin.
  2742 | D:3      | Found an opulent altar of Gozag.
  3025 | D:3      | Reached skill level 5 in Armour
  3105 | D:4      | Reached XP level 5. HP: 33/47 MP: 4/4
  3275 | D:4      | Found a staircase to the Ecumenical Temple.
  3286 | Temple   | Entered the Ecumenical Temple
  3330 | Temple   | Became a worshipper of Warmaster Okawaru
  3519 | D:4      | Found a hide-covered altar of Uskayaw.
  3565 | D:4      | Noticed Eustachio
  3579 | D:4      | Killed Eustachio
  3580 | D:4      | Reached skill level 4 in Long Blades
  3580 | D:4      | Reached skill level 1 in Dodging
  3580 | D:4      | Reached XP level 6. HP: 53/53 MP: 5/5
  3768 | D:4      | Found Mimour's Assorted Antiques.
  3773 | D:4      | Bought a murky golden potion for 18 gold pieces
  3773 | D:4      | Bought a fizzy emerald potion for 18 gold pieces
  3773 | D:4      | Bought a scroll labelled UBBECEAMPU for 21 gold pieces
  3773 | D:4      | Bought a clear potion for 18 gold pieces
  3967 | D:4      | Reached * piety under Okawaru
  3968 | D:4      | Reached skill level 5 in Long Blades
  4291 | D:4      | Reached XP level 7. HP: 57/60 MP: 6/6
  4335 | D:5      | Entered Level 5 of the Dungeon
  4335 | D:5      | Found an ornate altar of the Wu Jian Council.
  4359 | D:5      | Reached skill level 5 in Fighting
  4393 | D:5      | Reached ** piety under Okawaru
  4394 | D:5      | Reached skill level 6 in Long Blades
  4487 | D:5      | Found a sand-covered staircase.
  4496 | D:5      | Reached skill level 5 in Shields
  4505 | Ossuary  | Entered an ossuary
  4576 | Ossuary  | HP: 1/61 [mummy (13)]
  4834 | D:5      | Found a glowing drain.
  4845 | Sewer    | Entered a sewer
  4936 | Sewer    | Reached XP level 8. HP: 64/69 MP: 7/7
  4980 | Sewer    | Reached skill level 7 in Long Blades
  5090 | Sewer    | Found a viscous altar of Jiyva.
  5528 | D:5      | Noticed Edmund
  5542 | D:5      | Killed Edmund
  5543 | D:5      | Reached skill level 8 in Long Blades
  6418 | D:6      | Found a hazy altar of Hepliaklqana.
  6420 | D:6      | Found a faded altar of an unknown god.
  6614 | D:6      | Found a snail-covered altar of Cheibriados.
  7143 | D:7      | Noticed a deep elf pyromancer
  7149 | D:7      | Reached skill level 9 in Long Blades
  7153 | D:7      | Identified the +0 pair of gloves of Thoughtfulness {Int+5
                  | Dex-5}
  7161 | D:7      | Noticed jazmu's ghost (novice DsBe)
  7206 | D:7      | Noticed a hornet
  7227 | D:7      | Killed a hornet
  7228 | D:7      | Reached XP level 9. HP: 56/78 MP: 5/8
  7232 | D:7      | Found a runed translucent gate.
  7232 | D:7      | Found a runed translucent gate.
  7240 | D:7      | Found a runed translucent gate.
  7887 | D:8      | Reached *** piety under Okawaru
  8023 | D:8      | Reached skill level 10 in Long Blades
  8742 | D:8      | Found Vyalaa's Antique Armour Boutique.
  8983 | D:8      | Found a burning altar of Makhleb.
  8983 | D:8      | Found a broken altar of Ashenzari.
  9035 | D:8      | Found a bloodstained altar of Trog.
  9074 | D:8      | Reached skill level 11 in Long Blades
  9078 | D:8      | Reached XP level 10. HP: 88/88 MP: 9/9
  9480 | D:9      | Paralysed by a hornet for 1 turns
  9485 | D:9      | Reached **** piety under Okawaru
  9486 | D:9      | Reached skill level 10 in Armour
 10077 | D:9      | Found a blossoming altar of Fedhas.
 10259 | D:10     | Entered Level 10 of the Dungeon
 10823 | D:10     | Reached ***** piety under Okawaru
 10917 | D:10     | Noticed a two-headed ogre
 10924 | D:10     | Killed a two-headed ogre
 10925 | D:10     | Reached skill level 12 in Long Blades
 11347 | D:11     | Found a staircase to the Lair.
 11374 | D:11     | Slain by a troll

Illustrated notes

Levels and vault maps discovered:
D:1:      lightli_arrival_noodles, layout_basic
D:2:      layout_basic
D:3:      layout_basic, pdpol_temple_overflow_zin_treasury_gozag_greed,
          nemelex_spade_bored_becter, nicolae_ru_the_path_less_chosen
D:4:      layout_layer_cave, mainiacjoe_overflow_brackets,
          minmay_temple_entry_large_hall, serial_shops, kennysheep_little_box,
          uniq_eustachio
D:5:      layout_loops_cross, mainiacjoe_overflow_alcove_4, enter_ossuary_5,
          mainiacjoe_sewer_entry_somewhere_in_here_1, uniq_edmund
D:6:      layout_cave_pods, beargit_hepliaklqana_dungeon_heroes,
          amcnicky_altar_gilded
D:7:      layout_cave_pools, gammafunk_ghost_split
D:8:      layout_basic, trog_butcher_becter, gammafunk_temple_overflow_wave,
          serial_shops, nicolae_square_shop
D:9:      layout_roguey, mainiacjoe_overflow_tiny_flanked
D:10:     layout_cave_pools
D:11:     layout_gridville, erik_lair_island, serial_shops,
          nicolae_shop_waterfront, nicolae_dithmenos_through_a_glass_darkly
Temple:   jpeg_temple_alley_garden

Skill      XL: |  1  2  3  4  5  6  7  8  9 10 |
---------------+-------------------------------+-----
Armour         | 4 5 6 7 8 9 11 | 11.7
Fighting       | 4 5 6 7 8 |  8.6
Long Blades    | 3 4 5 6 9 11 12 | 12.3
Shields        | 4 5 6 7 |  7.6
Dodging        | 1 2 3 |  3.7
Stealth        | |  0.4
Invocations    | |  0.5

Action                     |  1- 3 |  4- 6 |  7- 9 | 10-12 || total
---------------------------+-------+-------+-------+-------++-------
  Melee: Long sword        |   117 |    73 |   368 |   148 ||   706
         Headbutt          |    14 |    15 |    77 |    28 ||   134
 Invoke: Heroism           |       |       |     7 |       ||     7
    Use: Potion            |     2 |     1 |     5 |     1 ||     9
         Scroll            |       |     4 |    12 |     4 ||    20
   Stab: Distracted        |       |       |       |     2 ||     2
 Armour: Scale mail        |   100 |    72 |    93 |       ||   265
         Chain mail        |       |       |    39 |       ||    39
         Plate armour      |       |       |   152 |   181 ||   333
  Dodge: Dodged            |    63 |    34 |   148 |    56 ||   301
  Block: Buckler           |    35 |    16 |    86 |    49 ||   186
